Cogmind - Beta 17.1 @@@ ROGUE MODE // 2026.09.07 @ 19:29:56 Player: pirluit Result: Destroyed by H-66 Slayer with Gauss Rifle Performance ------------- Evolutions (4) 2000 Regions Visited (4) 800 Robots Destroyed (49) 245 Value Destroyed (1845) 1845 Prototype IDs (1) 20 Alien Tech Used (0) 0 Bonus (110) 110 TOTAL SCORE: 5020 Bonus ------- High Alert Combat Kills 110 Cogmind --------- Core Integrity 0/850 Matter 135/300 Energy 100/100 System Corruption 6% Temperature Cool (0) Movement Flying (35) Location -6/Factory Parts ------- > --- POWER (2) -------- (None) > --- PROPULSION (4) --- Cesium-ion Thruster > --- UTILITY (6) ------ IFF Parser > --- WEAPON (3) ------- Axe > --- INVENTORY (5) ---- Improved Deuterium Engine Heavy Flak Cannon Mace Peak State ------------ > --- POWER ------------ Improved Deuterium Engine Light Angular Momentum Engine > --- PROPULSION ------- Carbon-fiber Leg Flexi-carbon Leg Flexi-carbon Leg Flexi-carbon Leg > --- UTILITY ---------- Small Storage Unit Energy Well Enhanced Optical Array Improved Signal Interpreter Seismic Detector Improved Particle Charger > --- WEAPON ----------- Gatling Laser Heavy Plasma Cannon Heavy Flak Cannon > --- INVENTORY -------- Light Ion Engine Advanced Heat Sink Large Matter Pod Weight Redist. System Advanced Terrain Scanner Improved Core Shielding Improved Field Recycling Unit Plasma Rifle [Rating: 63] Favorites ----------- Power Ion Engine Engine Ion Engine Power Core Light Nuclear Core Propulsion Aluminum Leg Leg Aluminum Leg Flight Unit VTOL Module Utility Small Storage Unit Device Seismic Detector Storage Small Storage Unit Processor Signal Interpreter Protection Layered Medium Armor Plating Weapon Beam Rifle Energy Gun Beam Rifle Energy Cannon Heavy Plasma Cannon Ballistic Gun Assault Rifle Ballistic Cannon Battle Cannon Launcher Heavy Rocket Launcher Special Weapon Flamer Slashing Weapon Axe Build | -11 -10 -10 -8 -6 ------- Run | Yrd Mat Sub Scr Fac Slots Evolved 8 | . . . . 8 Power 1 | . . . . 1 Propulsion 2 | . . . . 2 Utility 4 | . . . . 4 Weapon 1 | . . . . 1 Parts Attached 58 | 7 2 1 2 46 Power 10 | 1 . . . 9 Engine 8 | 1 . . . 7 Core 2 | . . . . 2 Reactor . | . . . . . Propulsion 12 | 2 . . 2 8 Treads . | . . . . . Leg 9 | 2 . . 2 5 Wheel . | . . . . . Hover . | . . . . . Flight 3 | . . . . 3 Utility 18 | 2 1 . . 15 Device 10 | 1 . . . 9 Storage 3 | 1 . . . 2 Processor 4 | . 1 . . 3 Hackware . | . . . . . Protection 1 | . . . . 1 Artifact . | . . . . . Weapon 18 | 2 1 1 . 14 Energy Gun 7 | 1 1 . . 5 Energy Cannon 2 | . . . . 2 Ballistic Gun 3 | 1 . . . 2 Ballistic Cannon 2 | . . 1 . 1 Launcher 2 | . . . . 2 Special Weapon 1 | . . . . 1 Impact Weapon . | . . . . . Slashing Weapon 1 | . . . . 1 Piercing Weapon . | . . . . . Special Melee Weapon . | . . . . . Unidentified Prototypes 1 | . . . . 1 Parts Lost 35 | . . . . 35 Power 6 | . . . . 6 Propulsion 8 | . . . . 8 Utility 9 | . . . . 9 Weapon 12 | . . . . 12 Highest Loss Streak 14 | . . . . 14 To Critical Strikes 1 | . . . . 1 Average Backups 6 | 4 7 8 8 6 Power . | . 1 1 1 . Propulsion . | 2 3 3 1 . Utility 2 | . . 2 2 3 Weapon 2 | . 2 2 3 1 Tool/Special . | . . . . . Unused Backups 9 | . 5 1 . 3 Power . | . . . . . Propulsion 5 | . 5 . . . Utility 2 | . . . . 2 Weapon 2 | . . 1 . 1 Tool/Special . | . . . . . Average Slot Usage (%) 77 | . 100 100 71 72 Engine 10 | . 14 14 14 7 Leg 21 | . 28 28 28 16 Device 6 | . 11 . . 10 Storage 10 | . 14 14 14 7 Processor 10 | . 2 14 14 9 Energy Gun 6 | . 14 14 . 7 Ballistic Gun 2 | . 14 8 . 1 Ballistic Cannon 2 | . . 5 . 3 Peak Build Rating 63 | 7 8 9 9 63 Average Rating 21 | 5 7 8 6 36 On Entrance 6 | . 7 8 9 6 Avg Prop Armor Cover (%) 3 | . . . . 3 Naked Turns . | . . . . . Heaviest Build 56 | 15 16 16 16 56 Greatest Support 81 | 20 20 20 20 81 Greatest Overweight (x) 3 | 3 . . . 2 Average Overweight (x) . | . . . . . Largest Inventory Capacity 8 | 8 8 8 8 8 Average Capacity 7 | 7 8 8 8 7 Most Carried 8 | 7 8 8 8 8 Average Carried 6 | 4 7 7 7 6 Final Capacity 8 | 8 8 8 8 5 Final Carried 8 | 7 8 8 8 3 Class Distribution -------------------- 57% | Mutant 37% | Scavenger-Gunner Dominant Class ---------------- Mutant | -10/Materials Mutant | -10/Subcaves Mutant | -8/Scraptown Scavenger-Gunner | -6/Factory Resources | -11 -10 -10 -8 -6 ----------- Run | Yrd Mat Sub Scr Fac Matter Collected 1303 | 263 165 . . 875 Remotely . | . . . . . Salvage Created 1537 | 61 198 . . 1278 Parts 91 | 6 12 . . 73 Haulers Intercepted . | . . . . . Recyclers Shooed 3 | . . . . 3 Parts Field Recycled . | . . . . . Retrieved Matter . | . . . . . Parts Self-Destructed 1 | . . 1 . . Prevented . | . . . . . Parts Restored . | . . . . . Kills | -11 -10 -10 -8 -6 ------- Run | Yrd Mat Sub Scr Fac Combat Hostiles Destroyed 31 | . 4 . . 27 Melee 4 | . . . . 4 Guns 16 | . 4 . . 12 Cannons 6 | . . . . 6 AOE 5 | . . . . 5 Classes Destroyed 14 | 1 2 . . 11 Worker 3 | . . . . 3 Builder 5 | . . . . 5 Tunneler 3 | 3 . . . . Recycler 1 | . . . . 1 Mechanic 1 | . . . . 1 Operator 2 | . 1 . . 1 Watcher 3 | . . . . 3 Swarmer 5 | . . . . 5 Grunt 18 | . 4 . . 14 Brawler 2 | . . . . 2 Duelist 1 | . . . . 1 Sentry 1 | . . . . 1 Hunter 1 | . . . . 1 Programmer 3 | . . . . 3 Best Kill Streak 7 | 2 4 . . 7 Combat Bots Only 4 | . 4 . . 4 Max Kills in Single Turn 2 | 1 1 . . 2 Gunslinging . | . . . . . Exploded 1 | . . . . 1 Melee 1 | . . . . 1 Uniques/NPCs Destroyed . | . . . . . Combat | -11 -10 -10 -8 -6 -------- Run | Yrd Mat Sub Scr Fac Hostile Shots Fired 316 | . 19 . . 297 Missed 83 | . . . . 83 Hits 233 | . 19 . . 214 Melee 9 | . . . . 9 Projectile 224 | . 19 . . 205 Critical Strikes 12 | . 1 . . 11 Damage Taken 4131 | . 254 . . 3877 Core 929 | . 64 . . 865 Absorbed by Shields . | . . . . . Core Remaining (%) 87 | 100 . . 74 . Volleys Fired 110 | 9 14 . . 87 Largest 3 | 2 2 . . 3 Hottest 245 | 70 76 . . 245 Shots Fired 218 | 18 28 . . 172 Gun 142 | 18 28 . . 96 Cannon 56 | . . . . 56 Launcher 15 | . . . . 15 Special 5 | . . . . 5 Kinetic 87 | 9 14 . . 64 Thermal 114 | 9 14 . . 91 Explosive 15 | . . . . 15 Electromagnetic 2 | . . . . 2 Robot Hit Streak 16 | 4 7 . . 16 Robot Miss Streak 5 | 3 3 . . 5 Penetration Max 1 | . . . . 1 Secondary Targets 1 | . 1 . . . Max Gunslinging Chain 1 | . 1 . . . Shots Hit Robots 143 | 9 18 . . 116 Core Hits 121 | 3 9 . . 109 Critical Kills . | . . . . . Critical Parts Destroyed . | . . . . . Critical Strikes 9 | 3 2 . . 4 Burn 7 | 3 2 . . 2 Blast 2 | . . . . 2 Melee Attacks 24 | . . . . 24 Impact . | . . . . . Slashing 24 | . . . . 24 Piercing . | . . . . . Sneak Attacks 2 | . . . . 2 Combat Hostiles . | . . . . . Follow-up Attacks . | . . . . . Damage Inflicted 5463 | 124 241 . . 5098 Guns 1946 | 124 241 . . 1581 Cannons 838 | . . . . 838 Explosions 2115 | . . . . 2115 Melee 523 | . . . . 523 Ramming 5 | . . . . 5 Kinetic 1109 | 47 108 . . 954 Thermal 1879 | 77 133 . . 1669 Explosive 1892 | . . . . 1892 Electromagnetic 55 | . . . . 55 Impact . | . . . . . Slashing 523 | . . . . 523 Piercing . | . . . . . Highest Corruption 6 | . . . . 6 Average Corruption 2 | . . . . 2 Corruption Purged . | . . . . . Corruption Blocked . | . . . . . Effects 7 | . . . . 7 Message Errors 1 | . . . . 1 Matter Fused 3 | . . . . 3 Data Loss (minor) 2 | . . . . 2 Misfires 1 | . . . . 1 Overload Shots . | . . . . . Overflow Damage 123 | . . . . 123 Projectiles 6 | . . . . 6 Explosions 52 | . . . . 52 Melee 65 | . . . . 65 Knockbacks 10 | . . . . 10 Impact . | . . . . . Kinetic 9 | . . . . 9 Secondary 1 | . . . . 1 Self-Inflicted Damage 239 | . . . . 239 Shots 5 | . . . . 5 Rammed . | . . . . . Targets Rammed 2 | . . . . 2 Kicked 2 | . . . . 2 Crushed . | . . . . . Highest Temperature 442 | 27 156 . . 442 Average Temperature 102 | 12 53 . . 123 Received Heat Transfer 1289 | . 159 . . 1130 Effects 6 | . . . . 6 Shutdowns 2 | . . . . 2 Interference 1 | . . . . 1 Matter Decay 1 | . . . . 1 Short Circuit 1 | . . . . 1 Damage (minor) 1 | . . . . 1 Siege Activations . | . . . . . Martial Activations . | . . . . . Shielding Activations . | . . . . . Robots Disrupted . | . . . . . Combat Hostiles . | . . . . . Robots Corrupted . | . . . . . Combat Hostiles . | . . . . . Parts Fried . | . . . . . Impact Corruptions . | . . . . . Robots Melted . | . . . . . Combat Hostiles . | . . . . . Parts Melted 8 | 2 1 . . 5 Heat Transferred 4043 | 444 481 . . 3118 Parts Sabotaged . | . . . . . Parts Stolen . | . . . . . Parts Stripped . | . . . . . Power Chain Reactions 1 | . . . . 1 Alert | -11 -10 -10 -8 -6 ------- Run | Yrd Mat Sub Scr Fac Maximum Alert Level 2 | . . . . 2 Low Security (%) 81 | 100 100 . . 76 Level 1 . | . . . . 1 Level 2 17 | . . . . 22 Level 3 . | . . . . . Level 4 . | . . . . . Level 5 . | . . . . . High Security . | . . . . . Max Security . | . . . . . Peak Influence 567 | 10 81 . . 567 Initial . | . . . . . Average 105 | . 31 . . 128 Influence Increases 1311 | 15 115 . . 1181 Destroy 0b10 Robot/C 620 | . 80 . . 540 Destroy 0b10 Robot/NC 90 | 15 5 . . 70 Destroy Leader 126 | . 20 . . 106 Successful Hack 9 | . 9 . . . Disable Machine 105 | . . . . 105 Anti-Garrison Action 150 | . . . . 150 Destroy Structure 76 | . 1 . . 75 Partial Spotted 15 | . . . . 15 Lose Combat Pursuer 120 | . . . . 120 Influence Decreases 778 | 15 99 16 . 648 Entered New Map 8 | . . 8 . . Time Decay 454 | 15 99 8 . 332 Lost Part 306 | . . . . 306 Lost Ally 10 | . . . . 10 Squads Dispatched 7 | . 1 . . 6 Investigation . | . . . . . Extermination 2 | . . . . 2 Reinforcement 2 | . 1 . . 1 Assault 2 | . . . . 2 Garrison 1 | . . . . 1 Intercept . | . . . . . Searches Triggered . | . . . . . Construction Impeded . | . . . . . Haulers Reinforced . | . . . . . Active Scanning Responses . | . . . . . Cargo Convoy Interrupts . | . . . . . Stealth | -11 -10 -10 -8 -6 --------- Run | Yrd Mat Sub Scr Fac Distress Signals 3 | . . . . 3 Communications Jammed . | . . . . . Distress Signals . | . . . . . Times Spotted 64 | . 6 . . 58 Peak Tracking Total 7 | . 3 . . 7 Tactical Retreats 5 | . . . . 5 Traps | -11 -10 -10 -8 -6 ------- Run | Yrd Mat Sub Scr Fac Traps Triggered . | . . . . . Indirectly . | . . . . . Trap Hack Attempts . | . . . . . Triggered . | . . . . . Disarmed . | . . . . . Reprogrammed . | . . . . . Reused . | . . . . . Traps Extracted . | . . . . . Installed . | . . . . . Triggered . | . . . . . Machines | -11 -10 -10 -8 -6 ---------- Run | Yrd Mat Sub Scr Fac Machines Disabled 8 | . . . . 8 Max in Single Turn 2 | . . . . 2 Garrison Access 1 | . . . . 1 Machines Repaired . | . . . . . Machines Dismantled . | . . . . . Machines Sabotaged . | . . . . . Overloaded Fab Kills . | . . . . . Hacking | -11 -10 -10 -8 -6 --------- Run | Yrd Mat Sub Scr Fac Machines Accessed 9 | . 3 . 2 4 Terminals 4 | . 2 . . 2 Fabricators . | . . . . . Repair Stations . | . . . . . Recycling Units 3 | . 1 . . 2 Scanalyzers . | . . . . . Garrison Access . | . . . . . Total Hacks 32 | . 12 . 12 8 Successful 23 | . 8 . 12 3 Failed 9 | . 4 . . 5 Catastrophic . | . . . . . Database Lockouts . | . . . . . Manual 1 | . 1 . . . Terminals 11 | . 8 . . 3 Fabricators . | . . . . . Repair Stations . | . . . . . Recycling Units 9 | . 4 . . 5 Scanalyzers . | . . . . . Garrison Access . | . . . . . Terminal Hacks 17 | . 5 . 12 . Record 14 | . 2 . 12 . Emergency Access Points 1 | . 1 . . . Alert Level 1 | . 1 . . . Maintenance Status 1 | . 1 . . . Fabricator Hacks . | . . . . . Repair Station Hacks . | . . . . . Recycling Unit Hacks 6 | . 3 . . 3 Process 1 | . 1 . . . Report Inventory 4 | . 2 . . 2 Retrieve Components 1 | . . . . 1 Scanalyzer . | . . . . . Garrison Access Hacks . | . . . . . Unauthorized Hacks . | . . . . . Terminals . | . . . . . Fabricators . | . . . . . Repair Stations . | . . . . . Recycling Units . | . . . . . Scanalyzers . | . . . . . Garrison Access . | . . . . . Data Cores Recovered 1 | . . . . 1 Used . | . . . . . Hacking Detections 2 | . 1 . . 1 Full Trace Events . | . . . . . Feedback Events . | . . . . . Feedback Blocked . | . . . . . Robot Schematics Acquired . | . . . . . Robots Built . | . . . . . Authchips . | . . . . . Time . | . . . . . Total Robot Build Rating . | . . . . . Part Schematics Acquired . | . . . . . Parts Built . | . . . . . Authchips . | . . . . . Time . | . . . . . Total Part Build Rating . | . . . . . Part Studies Acquired . | . . . . . Parts Repaired . | . . . . . Time . | . . . . . Parts Recycled . | . . . . . Recycled Matter 21 | . 21 . . . Retrieved Matter . | . . . . . Retrieved Components 2 | . . . . 2 Parts Scanalyzed . | . . . . . Part Schematics Acquired . | . . . . . Parts Damaged . | . . . . . Bothacking | -11 -10 -10 -8 -6 ------------ Run | Yrd Mat Sub Scr Fac Used RIF Installer . | . . . . . Robots Hacked . | . . . . . Non-combat . | . . . . . Combat . | . . . . . Robot Hacks Applied . | . . . . . Relay Couplers Released 1 | . . . . 1 Machine Destruction 1 | . . . . 1 Fabnet Peak Effective % . | . . . . . Robots Rewired . | . . . . . Allies Hacked . | . . . . . Hacks Repelled . | . . . . . Allies | -11 -10 -10 -8 -6 -------- Run | Yrd Mat Sub Scr Fac Total Allies . | . . . . . Largest Group . | . . . . . Highest-Rated Group . | . . . . . Highest-Rated Ally . | . . . . . Total Orders . | . . . . . Ally Attacks . | . . . . . Total Damage . | . . . . . Kills . | . . . . . Allies Corrupted . | . . . . . Allies Melted . | . . . . . Intel | -11 -10 -10 -8 -6 ------- Run | Yrd Mat Sub Scr Fac Active Infowar (turns) 1422 | 11 221 . . 1190 Optics 544 | . . . . 544 IFF 64 | . . . . 64 Terrain 41 | . . . . 41 Seismic 1041 | 11 221 . . 809 Robot Analysis Total . | . . . . . Derelict Logs Recovered . | . . . . . Drone Launches 2 | . . . . 2 Drone Recoveries . | . . . . . Exploration | -11 -10 -10 -8 -6 ------------- Run | Yrd Mat Sub Scr Fac Turns Passed 2662 | 125 264 156 747 1370 Spaces Moved 1766 | 68 164 110 619 805 Core 95 | 10 . . . 85 Treads . | . . . . . Legs 1532 | 58 164 110 619 581 Wheels . | . . . . . Hover . | . . . . . Flight 139 | . . . . 139 Fastest Speed 32 | 50 120 120 120 32 Average Speed 113 | 119 120 120 120 106 Slowest Speed 260 | 200 120 120 120 260 Overloaded Moves . | . . . . . Propulsion Burnouts . | . . . . . Robots Hopped . | . . . . . Potential Cave-ins . | . . . . . Cave-ins Triggered . | . . . . . Exploration Rate (%) 22 | 3 23 12 55 20 Regions Visited 4 Branch Regions 2 Pre-discovered Areas . | . . . . . Known Exits Taken 3 | . 1 1 1 . Unknown Exits Taken 1 | 1 . . . . Scrap Searched . | . . . . . Spaces Dug . | . . . . . Terrain Destroyed 96 | . . . . 96 Melee . | . . . . . Projectile 6 | . . . . 6 AOE 90 | . . . . 90 Terrain Rammed . | . . . . . Walls Destroyed . | . . . . . Machines Disabled . | . . . . . Actions | -11 -10 -10 -8 -6 --------- Run | Yrd Mat Sub Scr Fac Total 2161 | 90 205 134 624 1108 Wait 113 | . 13 21 . 79 Move 1762 | 67 163 109 618 805 Hop . | . . . . . Pick Up 32 | 7 7 1 . 17 Fast Attach 34 | 7 . 1 . 26 Attach 26 | . . . . 26 Detach 12 | . . . 2 10 Swap 18 | . 2 . 2 14 Drop 28 | . 6 2 2 18 Fire 110 | 9 14 . . 87 Melee 24 | . . . . 24 Ram . | . . . . . Kick 2 | . . . . 2 Crush . | . . . . . Escape Stasis . | . . . . . Rewire . | . . . . . Trap . | . . . . . Miscellaneous . | . . . . . Route ------- -11/Scrapyard -10/Materials (discovered 2 exits: *Min / *Sub) -10/Subcaves -8/Scraptown -6/Factory History --------- Turn | Location | Event 14 | -11/Scrapyard | Discovered new exit (range 16) 126 | -11/Scrapyard | Entered Materials 280 | -10/Materials | Discovered new exit (range 14) 331 | -10/Materials | Build established: Mutant 344 | -10/Materials | Discovered new exit (range 10) 358 | -10/Materials | Identified exit to Subcaves 373 | -10/Materials | Identified exit to Mines 390 | -10/Materials | Entered Subcaves 391 | -10/Subcaves | Approached by a straggling Scientist 467 | -10/Subcaves | Shifting Twisted Machinery released Flamer 475 | -10/Subcaves | Shifting Twisted Machinery released Battle Cannon 527 | -10/Subcaves | Scientist uncovered a shortcut to Scraptown 545 | -10/Subcaves | Identified exit to Scraptown 546 | -10/Subcaves | Entered Scraptown 691 | -8/Scraptown | Visited Red Mages 736 | -8/Scraptown | Visited Symbiants 761 | -8/Scraptown | Visited Awakened 802 | -8/Scraptown | Visited Shadow of the Wyrm 856 | -8/Scraptown | Discovered new exit (range 5) 863 | -8/Scraptown | Identified exit to Factory 982 | -8/Scraptown | Received an X-ray algorithm 1139 | -8/Scraptown | Visited UFD Registry 1159 | -8/Scraptown | Visited Cave Peace 1293 | -8/Scraptown | Entered Factory 1293 | -6/Factory | Evolved 8 slots: Power x1, Propulsion x2, Utility x4, Weapon x1 1576 | -6/Factory | Build established: Scavenger-Gunner 1767 | -6/Factory | Lost 14 parts (3p3n3u5w) 2250 | -6/Factory | Garrison activated, responded to threat 2359 | -6/Factory | Lost 4 parts (1p1n1u1w) 2436 | -6/Factory | Core integrity fell below 50% 2486 | -6/Factory | Core integrity fell below 20% 2490 | -6/Factory | Lost 9 parts (2p2n2u3w) 2554 | -6/Factory | Lost 3 parts (2u1w) 2663 | -6/Factory | Destroyed by H-66 Slayer with Gauss Rifle Last Messages --------------- 02599_ Acquired IFF Parser. 02611_ System corrupted: Component data lost. 02616_ U-05 Engineer lays Concrete. 02617_ K-01 Serf cleans the Power Conduit. 02617_ U-05 Engineer lays Concrete. 02621_ Sneak attack on K-01 Serf. 02621_ Destroyed Lgt. Ion Engine. 02621_ K-01 Serf destroyed. 02621_ K-01 Serf collects debris. 02623_ Acquired 20 matter. 02624_ K-01 Serf collects debris. 02624_ Sneak attack on K-01 Serf. 02624_ Destroyed Wheel. 02642_ Acquired Cesium-ion Thruster. 02645_ Acquired Hvy. Flak Cannon. 02649_ Hvy. Rocket Launcher destroyed. 02649_ VTOL Module destroyed. 02654_ Slug penetrates Wall. 02654_ Imp. Signal Interpreter destroyed. 02660_ Slug penetrates Wall. Map ----- +----------------------------------------------------+ | # " """ """ #???????#]]] " " " " " | | + "" """ #???????#]] " " " " " | | # " """ #???????# | | # " """ ###+###########???????# | | # # #????????# ######## | | # " " " # """ #????????# #??????? | | ## """ """ # "Y" #????????+ #??????? | | ## """ """ # "*" #????????# #??????? | | # """ # #????????# #??????? | | # # #????????# #??????? | | # """ """ # """"""" #????????# #??????? | | # """ """ # """"""" #????????# #??????? | | # """ """ # """"""" #????????# #??????? | | # """ """ # """"""" #????????# #??????? | | # + #????????# #??????? | | # """ """ # #????????# #??????? | | # """ """ ##############????????# #??????? | | # """ """ #?????????????????????# #??????? | | ## ####################### #??????? | | ? #??????? | | #??????? | | ? #??????? | | #??????? | | #??????? | | ###########+####??########+################??????? | | ????????????????????# @ #???????????????? | | ????????????????????# #???????????????? | | ????????????????????# o #???????????????? | | ????????????????????# #???????????????? | | ????????????????????# #???????????????? | | ????????????????????# #???????????????? | | ????????????????????# #???????????????? | | ????????????????????# #???????????????? | | ????????????????????# #???????????????? | | ????????????????????# #???????????????? | | ????????????????????# #???????????????? | | ????????????????????# #???????????????? | | ????????????????????##############???????????????? | | ?????????????????????????????????????????????????? | | ?????????????????????????????????????????????????? | | ?????????????????????????????????????????????????? | | ?????????????????????????????????????????????????? | | ?????????????????????????????????????????????????? | | ?????????????????????????????????????????????????? | | ?????????????????????????????????????????????????? | | ?????????????????????????????????????????????????? | | ?????????????????????????????????????????????????? | | ?????????????????????????????????????????????????? | | ?????????????????????????????????????????????????? | | ?????????????????????????????????????????????????? | +----------------------------------------------------+ Best States ------------- Heat Dissipation 75 Energy Generation 29 Energy Capacity 815 Matter Stores 300 Matter Capacity 450 Sight Range 22 Terrain Scan Range 20 Terrain Scan Density 10 Additional Mass Support 6 Armor Coverage 225 Evasion (%) 63 Targeting Accuracy 5 Particle Charging 20 Item Schematics ----------------- None Robot Schematics ------------------ None Fabricated ------------ Nothing Repaired ---------- Nothing Studied --------- None Alien Tech Used ----------------- None Achievements -------------- Civilization 2243 Nice Directions, Buddy Challenges ------------ None Game ------ Seed ZeronetSniperField Manual? 0 Play Time 01:07:06 Cumulative 31.1 hours Start 2026.09.07 @ 16:48:40 End 2026.09.07 @ 19:29:56 Sessions 1 Manual Loads 0 Difficulty Rogue Special Mode None Game No. 17 Rogue 15 Adventurer 2 Explorer 0 Win Type - Total 0 Types 0/0/0/0/0/0/0/0/0/0 Lore% 8 Gallery% 20 Achievement% 15 Wizard Run 0 Options --------- Layout 0 ASCII 0 Keyboard 0 Movement Mouse Keybinds 0 Fullscreen 1 Font 18/SmallcapsGlow Map View 38x25 Zoom Use 96% Tactical HUD 1 Map Filters NONE Filters NONE Steam 1 RUN: c4e0b726-e322-4449-af77-7b4f3470a2fd